 Dungeon Crawl Stone Soup version 0.29-a0-334-gb41bcbb86e (webtiles) character file.

Game seed: 15601778433457479944

28 BritishOli the Skirmisher (level 3, 29/29 HPs)
             Began as a Demonspawn Monk on Apr 14, 2022.
             Got out of the dungeon alive.
             The game lasted 00:01:48 (1499 turns).

BritishOli the Skirmisher (Demonspawn Monk)         Turns: 1499, Time: 00:01:49

Health: 29/29      AC:  3    Str: 13    XL:     3   Next: 0%
Magic:  3/3        EV: 13    Int: 11    God:
Gold:   91         SH:  0    Dex: 21    Spells: 2/2 levels left

rFire   . . .      SeeInvis .   a - +0 falchion
rCold   . . .      Faith    .   (no shield)
rNeg    . . .      Spirit   .   b - +0 robe
rPois   +          Reflect  .   (no helmet)
rElec   .          Harm     .   (no cloak)
rCorr   .          Rampage  .   (no gloves)
Will    .....                   (no boots)
Stlth   ++........              (no amulet)
HPRegen 0.09/turn               f - +6 ring of dexterity
MPRegen 0.08/turn               n - ring of poison resistance

@: no status effects
A: spiny 1, sharp scales 1
a: no special abilities


You escaped.
You visited 1 branch of the dungeon, and saw 2 of its levels.

You collected 91 gold pieces.

Inventory:

Hand Weapons
 a - a +0 falchion (weapon)
Armour
 b - a +0 robe (worn)
Jewellery
 f - a +6 ring of dexterity (left hand)
 n - a ring of poison resistance (right hand)
Scrolls
 g - a scroll of enchant armour {unknown}
 h - a scroll of teleportation {unknown}
 i - a scroll of summoning {unknown}
 k - a scroll of identify {unknown}
 l - a scroll of immolation {unknown}
Potions
 c - a potion of ambrosia
 d - a potion of degeneration {unknown}
 e - a potion of haste {unknown}
 j - a potion of curing {unknown}
 m - a potion of heal wounds {unknown}


   Skills:
 + Level 3.3 Fighting
 + Level 3.0 Long Blades
 + Level 3.0 Dodging
 + Level 2.2 Stealth


You had 2 spell levels left.
You didn't know any spells.
Your spell library was empty.

Dungeon Overview and Level Annotations

Branches:
Dungeon (2/15)

Altars:


Innate Abilities, Weirdness & Mutations

You are partially covered in sharp spines.
You are partially covered in razor-sharp scales. (AC +1, Slay +1)


Message History

The jackal bites you but does no damage.
You barely miss the jackal.
The jackal is moderately wounded.
The jackal barely misses you. The jackal closely misses you.
A jackal is nearby!
You slash the jackal!
You kill the jackal!
Found a ring mail.
You see here a jackal corpse.
No target in view!
A hobgoblin comes into view.
Found a ring mail.
Found an escape hatch in the ceiling.
A hobgoblin is nearby!
Okay, then.
Found a stone staircase leading down.
The hobgoblin is struck by your spines. The hobgoblin misses you.
You see here a +0 ring mail.
You slash the hobgoblin!
You kill the hobgoblin!
You have reached level 3!
Your experience leads to an increase in your attributes!
Your base attributes are Str 11, Int 11, Dex 15.
Increase (S)trength, (I)ntelligence, or (D)exterity?
You feel stronger. x2; Your demonic ancestry asserts itself...
Sharp scales grow over part of your body.
(D) Dungeon
Where to? (Enter - D:2, ? - help)
You see here a giant cockroach corpse.
There is a stone staircase leading up here.
You climb upwards.
There is a stone staircase leading down here.
(D) Dungeon
Where to? (Enter - D:1, ? - help)
Okay, then.
You see here 27 stones.
There is a large open door here.
There is a staircase leading out of the dungeon here.
Are you sure you want to leave the Dungeon?
This will make you lose the game!
You have escaped!

#########
##.......# #######
#.#8####.# #......
#.##....## #.#####
#.##.@.## #.#
#.##...#########.#
##.##.##.........#
##''#############
#..##.# #.....#
#####.# ### #.#
##.## #.# #....


There were no monsters in sight!

Vanquished Creatures
  A worm (D:2)
  3 giant cockroaches
  3 goblins (D:1)
  3 hobgoblins (D:2)
  6 jackals
  2 kobolds (D:1)
  A quokka (D:1)
  A ball python (D:2)
  A rat (D:1)
21 creatures vanquished.

Notes
Turn   | Place    | Note
-------+----------+-------------------------------------------
     0 | D:1      | BritishOli the Demonspawn Monk began the quest for the Orb.
     0 | D:1      | Reached XP level 1. HP: 18/18 MP: 1/1
   749 | D:1      | Gained mutation: You are partially covered in sharp spines.
                  | [demonic ancestry]
   749 | D:1      | Reached XP level 2. HP: 24/24 MP: 2/2
  1392 | D:2      | Gained mutation: You are partially covered in razor-sharp
                  | scales. (AC +1, Slay +1) [demonic ancestry]
  1392 | D:2      | Reached XP level 3. HP: 29/29 MP: 3/3
  1499 | D:$      | Got out of the dungeon alive.

Illustrated notes

Levels and vault maps discovered:
D:1:      saegor_arrival_simple_e, layout_loops_ring
D:2:      layout_basic

Skill      XL: |  1  2 |
---------------+-------+-----
Stealth        | 2 |  2.2
Long Blades    | 3 |  3.0
Dodging        | 3 |  3.0
Fighting       | |  3.3

Action                   || total
-------------------------++-------
Melee: Falchion          ||    45
 Stab: Sleeping          ||     6
Armor: Robe              ||     3
Dodge: Dodged            ||    21

Table legend: (Time is in decaauts)
 A = Elapsed time spent in this place.
 B = Non-inter-level travel time spent in this place.
 C = Inter-level travel time spent in this place.
 D = Time resting spent in this place.
 E = Time spent auto-exploring this place.
 F = Levels seen in this place.
 G = Mean time per level.
                   A        B        C        D        E       F      G
               +--------+--------+--------+--------+--------+-----+--------+
         Total |   1505 |   1375 |    130 |    228 |    998 |   2 |  752.5 |
       Dungeon |   1505 |   1375 |    130 |    228 |    998 |   2 |  752.5 |
               +--------+--------+--------+--------+--------+-----+--------+

Top non-repeatable levels by time:
     D:1: 1208 daAuts
     D:2: 297 daAuts
